Map: Eternal Empire LE

Players

Dolan

  • Race: Terran Terran
  • League: Master
  • Spawn Location: 7:00

Creature - Winner!

  • Race: Protoss Protoss
  • Spawn Location: 1:00

Event: The Miserable Cup

VOD

Have the link to the VOD?

Description

Time

  • Played on: June 19, 2020, 10:50 a.m.
  • Length: 10:15

All games in this series

Show
View Real Time Build Order
Export as new Build Order

Dolan Terran 

Build Orders: Reaper Expand 

Get SALT Encoding   

  12  0:00  SCV  
  13  0:12  SCV  
  14  0:17  Supply Depot  
  14  0:24  SCV  
  15  0:38  SCV  
  15  0:40  Barracks  
  16  0:43  Refinery  
  16  0:50  SCV  
  17  1:02  SCV  
  18  1:15  SCV  
  19  1:27  Reaper, Orbital Command  
  20  1:45  Command Center  
  20  1:52  Supply Depot  
  20  1:53  SCV  
  21  1:59  Marine  
  22  2:05  SCV  
  23  2:11  Bunker  
  23  2:16  Factory  
  23  2:20  SCV  
  23  2:22  Barracks Reactor  
  24  2:29  Refinery  
  24  2:35  SCV  
  24  2:47  SCV  
  25  2:57  Orbital Command  
  25  2:59  Marine x2  
  25  3:00  Starport  
  25  3:01  Factory Tech Lab  
  25  3:04  SCV  
  28  3:16  SCV  
  28  3:17  Barracks  
  29  3:20  Marine x2  
  29  3:23  SCV  
  32  3:28  SCV  
  33  3:37  SCV  
  33  3:39  Barracks  
  33  3:40  SCV  
  33  3:41  Marine x2  
  37  3:47  Raven  
  39  3:49  Supply Depot  
  39  3:50  SCV  
  39  3:52  Factory Tech Lab  
  39  3:54  SCV  
  41  4:03  SCV  
  41  4:06  SCV  
  41  4:07  Marine x2  
  44  4:11  Engineering Bay  
  44  4:15  Stimpack  
  44  4:17  SCV  
  45  4:19  SCV  
  45  4:21  Supply Depot  
  45  4:23  Refinery  
  46  4:27  Marine  
  46  4:28  Marine  
  46  4:30  SCV  
  46  4:31  SCV  
  50  4:39  Terran Infantry Weapons Level 1  
  50  4:42  SCV, Factory Reactor, Starport Reactor  
  50  4:43  SCV  
  52  4:48  Supply Depot  
  52  4:52  Marine x2  
  52  4:54  Marauder  
  57  5:00  SCV x2  
  57  5:01  Combat Shield  
  57  5:02  Supply Depot  
  58  5:12  Marine x2  
  60  5:15  Marauder  
  60  5:16  Marauder  
  60  5:18  SCV x2  
  60  5:19  Refinery  
  66  5:24  Supply Depot  
  66  5:26  Medivac  
  66  5:27  Medivac  
  70  5:32  Supply Depot  
  70  5:34  Marine x2  
  72  5:41  Marauder x2  
  76  5:44  Widow Mine  
  76  5:46  Widow Mine  
  76  5:47  Supply Depot  
  80  5:52  SCV x2  
  80  5:54  Supply Depot  
  82  6:04  Marine x2, Marauder x2  
  83  6:10  Widow Mine x2  
  86  6:13  Medivac  
  86  6:14  Medivac  
  86  6:17  Supply Depot  
  90  6:21  Marine  
  91  6:26  Marine  
  91  6:27  Marauder x2  
  91  6:31  Widow Mine x2  
  100  6:38  SCV x2  
  102  6:41  Terran Infantry Armor Level 1  
  102  6:44  Command Center  
  102  6:48  Marauder x2  
  107  6:54  SCV x2  
  106  7:12  Marine x2, Marauder x2  
  106  7:13  SCV x2  
  86  7:30  Marine x2  
  86  7:34  Marauder x2  
  86  7:35  SCV x2  
  86  7:40  Medivac x2, Widow Mine x2  
  92  7:47  SCV x2  
  92  7:50  Barracks x2, Supply Depot x2  
  90  7:53  Marine x2  
  90  7:55  Marauder x2  
  96  7:58  Orbital Command  
  96  8:00  SCV  
  96  8:02  SCV  
  98  8:14  Marine x2, Ghost Academy  
  98  8:17  Widow Mine x2  
  104  8:24  Marauder x2, Concussive Shells  
  108  8:27  SCV x2  
  108  8:28  SCV  
  108  8:33  Marine  
  108  8:34  Marine  
  113  8:38  Barracks Reactor, Barracks Tech Lab  
  113  8:44  Medivac x2, Widow Mine x2  
  113  8:48  Ghost  
  121  8:49  Ghost  
  121  8:53  Enhanced Shockwaves  
  125  8:58  Marine x2  
  125  9:00  Ghost  
  129  9:06  Supply Depot  
  129  9:08  SCV x3  
  132  9:10  Widow Mine  
  132  9:11  Widow Mine  
  132  9:16  Marine x2  
  138  9:18  Marauder  
  138  9:19  Marauder  
  138  9:22  Marine x2  
  138  9:23  Medivac  
  138  9:24  Medivac  
  148  9:30  SCV x3  
  95  9:56  Marine x4  
Show
View Real Time Build Order
Export as new Build Order

Creature Protoss - Winner!

Build Orders: 1 Gate Expand, Blink Stalkers 

Get SALT Encoding   

  12  0:00  Probe  
  13  0:13  Probe  
  14  0:18  Pylon  
  14  0:25  Probe  
  15  0:33  Probe  
  15  0:36  Gateway  
  15  0:41  Probe  
  16  0:47  Assimilator  
  17  0:51  Probe  
  18  1:03  Probe  
  19  1:15  Probe  
  20  1:23  Cybernetics Core  
  20  1:33  Nexus  
  20  1:41  Pylon  
  20  1:45  Probe  
  21  1:49  Adept  
  21  1:50  Assimilator  
  21  1:59  Probe  
  24  2:10  Warp Gate  
  24  2:11  Probe  
  25  2:21  Stalker  
  27  2:23  Probe  
  28  2:35  Probe  
  29  2:42  Probe  
  29  2:43  Probe  
  29  2:44  Twilight Council  
  29  2:50  Probe  
  31  2:51  Probe  
  33  3:00  Probe  
  33  3:02  Gateway  
  33  3:04  Stalker, Blink  
  33  3:05  Probe  
  36  3:09  Probe  
  38  3:17  Probe x2  
  39  3:20  Robotics Facility  
  40  3:29  Probe x2  
  42  3:41  Pylon, Probe  
  43  3:45  Probe  
  43  3:47  Assimilator  
  44  3:53  Probe  
  45  3:57  Probe  
  45  4:00  Sentry  
  45  4:01  Stalker  
  50  4:03  Pylon  
  50  4:05  Probe  
  50  4:09  Probe  
  50  4:11  Observer  
  51  4:17  Probe  
  51  4:18  Nexus  
  52  4:24  Probe  
  52  4:26  Pylon  
  52  4:28  Stalker  
  52  4:29  Probe  
  56  4:34  Observer  
  57  4:41  Gateway  
  57  4:42  Gateway  
  57  4:44  Probe  
  58  4:46  Probe  
  58  4:49  Pylon  
  59  4:54  Stalker  
  59  4:56  Probe  
  62  5:00  Pylon, Probe, Charge  
  63  5:08  Probe  
  63  5:09  Immortal  
  63  5:13  Probe  
  69  5:21  Pylon, Probe  
  70  5:22  Forge  
  70  5:25  Probe  
  71  5:29  Sentry  
  71  5:31  Probe  
  71  5:34  Probe  
  75  5:37  Probe  
  75  5:38  Gateway  
  75  5:40  Gateway  
  76  5:43  Templar Archives  
  76  5:44  Probe  
  76  5:46  Probe  
  76  5:49  Shield Battery  
  79  5:50  Probe  
  79  5:54  Immortal  
  83  5:57  Probe  
  83  6:02  Protoss Ground Armor Level 1  
  83  6:07  Probe  
  83  6:08  Zealot x4  
  83  6:09  Probe  
  93  6:17  Probe  
  94  6:22  Probe, Gateway x2  
  94  6:23  Probe  
  96  6:32  Assimilator x2  
  97  6:34  Probe  
  97  6:35  Photon Cannon  
  97  6:40  Stalker x5  
  97  6:43  Zealot  
  109  6:48  Pylon  
  109  6:49  Pylon  
  109  6:51  Shield Battery  
  109  7:11  Zealot x6  
  101  7:26  Zealot x2  
  101  7:28  Observer  
  90  7:32  Zealot x6  
  90  7:34  Psionic Storm  
  99  7:39  Probe  
  99  7:41  Warp Prism  
  100  7:50  Nexus  
  100  7:51  High Templar x2  
  106  7:55  High Templar x2  
  110  8:01  Forge, Probe  
  110  8:02  Pylon  
  111  8:09  High Templar x2, Zealot x2  
  119  8:13  Archon  
  119  8:14  Gateway x2  
  119  8:15  Probe  
  119  8:16  Pylon  
  120  8:25  Probe  
  121  8:31  Pylon  
  121  8:36  Pylon  
  121  8:39  Zealot  
  123  8:42  Probe  
  123  8:43  Pylon  
  123  8:45  Pylon  
  123  8:47  High Templar x2  
  123  8:48  Zealot x5  
  138  8:51  Pylon  
  138  8:53  Archon  
  136  9:03  Probe  
  137  9:11  Zealot x8  
  137  9:16  Unknown  
  153  9:18  Shield Battery  
  153  9:20  Stalker x2  
  127  9:47  Archon  
  127  9:49  Zealot x10  
  141  10:03  Robotics Facility, Robotics Bay  
Tags
 
Add a new tag
Caveats
  • Supply blocks, unpowered buildings, or Contaminate may cause inaccurate times.
  • Supply counts are checked every 10 seconds.